 Dungeon Crawl Stone Soup version 0.27-a0-1513-g2aaa0cc67b (webtiles) character file.

Game seed: 1053500844548545593

5635 Zonian the Destroyer (level 10, -19/74 HPs)
             Began as a Gnoll Conjurer on July 10, 2021.
             Was an Elder of the Shining One.
             Shot with an arrow by a centaur warrior (22 damage)
             ... on level 9 of the Dungeon.
             The game lasted 00:23:33 (12600 turns).

Zonian the Destroyer (Gnoll Conjurer)              Turns: 12600, Time: 00:23:33

Health: -19/74     AC:  6    Str:  6    XL:     10   Next: 74%
Magic:  17/21      EV: 14    Int: 20    God:    the Shining One [****..]
Gold:   439        SH:  7    Dex: 12    Spells: 11/24 levels left

rFire    . . .     SeeInvis .   F - +5 hand axe of the Vaults {venom, +Rage Fly rPois rF-}
rCold    . . .     Faith    .   N - +2 buckler
rNeg     + + .     Spirit   .   a - +1 robe
rPois    +         Reflect  .   (no helmet)
rElec    .         Harm     .   u - +0 cloak {Will+}
rCorr    .         Rampage  .   (no gloves)
Will     +....                  H - +0 pair of boots
Stlth    ++........             k - amulet of magic regeneration
HPRegen  0.22/turn              c - ring of protection from fire
MPRegen  0.42/turn              (no ring)

@: flying, glowing
A: fangs 1, strong nose, distributed training
a: Renounce Religion, Evoke Berserk Rage, Divine Shield, Cleansing Flame


You were on level 9 of the Dungeon.
You worshipped the Shining One.
The Shining One was greatly pleased with you.
You visited 1 branch of the dungeon, and saw 9 of its levels.

You collected 583 gold pieces.
You spent 144 gold pieces at shops.

Inventory:

Hand Weapons
 e - a +0 dagger
 g - a +0 spear
 t - a +2 short sword of venom
 y - a +0 shortbow
 B - a +2 broad axe of flaming
 F - the +5 hand axe of the Vaults (weapon) {venom, +Rage Fly rPois rF-}
   (You bought it in a shop on level 1 of the Dungeon)

   It poisons the flesh of those it strikes.
   rF:        It makes you vulnerable to fire.
   rPois:     It protects you from poison.
   Fly:       It grants you flight.
   +Rage:     It lets you go berserk.
Missiles
 i - 109 poisoned darts
 p - 5 curare-tipped darts
 q - 2 throwing nets
 w - 11 boomerangs
 z - 119 arrows
Armour
 a - a +1 robe (worn)
 u - a +0 cloak of willpower (worn)
 H - a +0 pair of boots (worn)
 N - a +2 buckler (worn)
Jewellery
 c - a ring of protection from fire (left hand)
 f - a ring of ice
 k - an amulet of magic regeneration (around neck)
 x - an amulet of regeneration
 D - a +4 ring of protection
Wands
 r - a wand of flame (64)
 v - a wand of iceblast (5)
 E - a wand of paralysis (21)
 I - a wand of digging (8)
Scrolls
 h - 3 scrolls of enchant armour
 j - 7 scrolls of teleportation
 J - a scroll of magic mapping
 K - a scroll of amnesia
Potions
 b - 3 potions of mutation
 d - 2 potions of ambrosia
 l - a potion of resistance
 m - 2 potions of lignification
 o - 2 potions of curing
 s - a potion of flight {unknown}
 A - 4 potions of brilliance
 C - a potion of heal wounds {unknown}
 L - a potion of berserk rage {unknown}


   Skills:
 + Level 5.5 Fighting
 + Level 5.5 Short Blades
 + Level 5.5 Long Blades
 + Level 5.5 Axes
 + Level 5.5 Maces & Flails
 + Level 5.5 Polearms
 + Level 5.5 Staves
 + Level 5.5 Slings
 + Level 5.5 Bows
 + Level 5.5 Crossbows
 + Level 5.5 Throwing
 + Level 5.5 Armour
 + Level 7.3 Dodging
 + Level 7.0 Stealth
 + Level 5.5 Shields
 + Level 5.5 Unarmed Combat
 + Level 7.5 Spellcasting
 + Level 8.5 Conjurations
 + Level 4.6 Hexes
 + Level 4.6 Summonings
 + Level 4.6 Necromancy
 + Level 4.6 Translocations
 + Level 4.6 Transmutations
 + Level 4.6 Fire Magic
 + Level 4.6 Ice Magic
 + Level 4.6 Air Magic
 + Level 4.6 Earth Magic
 + Level 4.6 Poison Magic
 + Level 6.1 Invocations
 + Level 5.5 Evocations


You had 11 spell levels left.
You knew the following spells:

 Your Spells              Type           Power      Damage    Failure   Level
a - Magic Dart            Conj           100%       1d8       1%          1
b - Searing Ray           Conj           82%        3d6       1%          2
c - Dazzling Flash        Conj/Hex       66%        N/A       1%          3
d - Iskenderun's Mystic   Conj/Tloc      33%        2d8       6%          4
e - Stone Arrow           Conj/Erth      66%        3d11      1%          3

Your spell library contained the following spells:

 Spells                   Type           Power      Damage    Failure   Level
 Freeze                   Ice            100%       1d11      1%          1
 Static Discharge         Conj/Air       33%        N/A       1%          2
 Call Canine Familiar     Summ           26%        N/A       4%          3
 Frozen Ramparts          Ice            52%        1d7       4%          3
 Tukima's Dance           Hex            26%        N/A       4%          3
 Fulminant Prism          Conj/Hex       16%        3d11      6%          4
 Hailstorm                Conj/Ice       33%        3d8       6%          4
 Sticky Flame             Conj/Fire      33%        2d5       6%          4
 Airstrike                Air            13%        N/A       13%         4
 Dispel Undead            Necr           26%        3d13      13%         4
 Passage of Golubria      Tloc           N/A        N/A       13%         4
 Summon Ice Beast         Ice/Summ       26%        N/A       13%         4
 Summon Lightning Spire   Summ/Air       26%        N/A       13%         4
 Lightning Bolt           Conj/Air       16%        1d30      17%         5
 Summon Forest            Summ/Tloc      13%        N/A       36%         5
 Yara's Violent Unravell  Hex/Tmut       13%        3d7       36%         5
 Starburst                Conj/Fire      16%        8x6d6     67%         6


Dungeon Overview and Level Annotations

Branches:
Dungeon (9/15)             Temple (0/1) D:7             Orc (0/2) D:9
   Lair: D:8-11

Altars:
Gozag
Hepliaklqana
Nemelex Xobeh
Xom
Zin
The Shining One

Shops:
D:1 (


Innate Abilities, Weirdness & Mutations

You have very sharp teeth.
Your uncanny sense of smell can sniff out nearby items.
Your experience applies equally to all skills.


Message History

Unknown command.
You start resting.
You start resting.
HP restored.
Unknown command.
There is an open door here.
The centaur warrior shouts!
The centaur warrior wields a +0 shortbow.
The centaur warrior shoots an arrow.
You block the arrow.
The centaur warrior shoots an arrow.
The arrow hits you!!
Casting: Searing Ray (safe; 1% risk of failure)
Confirm with . or Enter, or press ? or * to list all spells.
Aiming: Searing Ray (safe; 1% risk of failure)
Press: ? - help, Shift-Dir - straight line, f - centaur warrior
Aim: a centaur warrior, wielding a +0 shortbow, wearing a +0 robe and quivering arrows (haloed, 90% to hit)
The searing ray hits the centaur warrior!
The centaur warrior is lightly wounded. (Press . to maintain the ray.)
The centaur warrior shoots an arrow.
The arrow hits you!!
The centaur warrior shoots an arrow.
The arrow hits you!
* * * LOW HITPOINT WARNING * * *
You feel better.
The centaur warrior shoots an arrow.
The arrow hits you!
* * * LOW HITPOINT WARNING * * *
Unknown command.
Okay, then.
Casting: Searing Ray (safe; 1% risk of failure)
Confirm with . or Enter, or press ? or * to list all spells.
You don't know that spell.
Unknown command.
Casting: Searing Ray (safe; 1% risk of failure)
Confirm with . or Enter, or press ? or * to list all spells.
Aiming: Stone Arrow (safe; 1% risk of failure)
Press: ? - help, Shift-Dir - straight line, f/p - centaur warrior
Aim: a centaur warrior, wielding a +0 shortbow, wearing a +0 robe and quivering arrows (lightly wounded, haloed, 87% to hit)
The stone arrow hits the centaur warrior!
The centaur warrior is heavily wounded.
The centaur warrior shoots an arrow.
The arrow hits you!
* * * LOW HITPOINT WARNING * * *
The centaur warrior shoots an arrow.
The arrow hits you!!
You die...
D

######...#
#...# #...#
#...# #...#
#...# #รท..##
#####....#
...c...@.###
#########....#
#.......#....#
#.......'....#
#.......#....#
#....>..#....#
#.......#....#
#.......#....#
#.......+....#


You could see a centaur warrior.

Vanquished Creatures
  An ugly thing (D:9)
  A manticore (D:9)
  Maurice (D:8)
  Psyche (D:8)
  2 kobold demonologists
  A troll (D:9)
  A wyvern (D:9)
  Sigmund (D:6)
  2 steam dragons
  5 water moccasins
  An acid dragon (D:9)
  3 ice beasts
  3 orc warriors
  An ogre (D:6)
  4 centaurs
  2 kobold brigands
  A bullfrog (D:7)
  A water moccasin zombie (D:6)
  A wyvern skeleton (D:4)
  3 killer bees (D:9)
  A wight (D:9)
  2 centaur zombies
  A bullfrog zombie (D:5)
  A jelly (D:6)
  4 orc priests
  A centaur skeleton (D:5)
  2 hounds
  2 bullfrog skeletons
  3 iguanas
  Natasha (D:3)
  6 orc wizards
  A killer bee zombie (D:6)
  A hound skeleton (D:4)
  4 gnolls
  2 howler monkey zombies (D:8)
  A howler monkey skeleton (D:7)
  7 adders
  A shadow imp (D:6)
  A white imp (D:5)
  An ufetubus (D:6)
  An adder skeleton (D:4)
  3 worms
  4 dart slugs
  24 orcs
  9 ball pythons
  8 endoplasms
  4 giant cockroaches
  7 hobgoblins
  10 jackals
  2 quokkas
  6 bats
  4 frilled lizards (D:1)
  5 goblins
  10 kobolds
  5 rats
181 creatures vanquished.

Notes
Turn   | Place    | Note
-------+----------+-------------------------------------------
     0 | D:1      | Zonian the Gnoll Conjurer began the quest for the Orb.
     0 | D:1      | Reached XP level 1. HP: 13/13 MP: 6/6
    23 | D:1      | Found Hyocza Zikk's Antique Weapon Boutique.
   111 | D:1      | Reached XP level 2. HP: 11/20 MP: 0/7
   393 | D:1      | Found a faded altar of an unknown god.
   410 | D:1      | Became a worshipper of the Shining One
   410 | D:1      | Reached * piety under the Shining One
   449 | D:1      | Reached XP level 3. HP: 24/25 MP: 7/9
   451 | D:1      | Reached skill level 5 in Spellcasting
  1155 | D:1      | Reached skill level 1 in Invocations
  1508 | D:1      | Learned a level 2 spell: Searing Ray
  1840 | D:2      | Reached skill level 1 in Fighting
  1840 | D:2      | Reached skill level 1 in Short Blades
  1840 | D:2      | Reached skill level 1 in Long Blades
  1840 | D:2      | Reached skill level 1 in Axes
  1840 | D:2      | Reached skill level 1 in Maces & Flails
  1840 | D:2      | Reached skill level 1 in Polearms
  1840 | D:2      | Reached skill level 1 in Staves
  1840 | D:2      | Reached skill level 1 in Slings
  1840 | D:2      | Reached skill level 1 in Bows
  1840 | D:2      | Reached skill level 1 in Crossbows
  1840 | D:2      | Reached skill level 1 in Throwing
  1840 | D:2      | Reached skill level 1 in Armour
  1840 | D:2      | Reached skill level 1 in Shields
  1840 | D:2      | Reached skill level 1 in Unarmed Combat
  1840 | D:2      | Reached skill level 1 in Evocations
  1972 | D:2      | Reached XP level 4. HP: 32/32 MP: 8/11
  2115 | D:2      | You fall into a shaft and drop 1 floor!
  2644 | D:3      | Noticed Natasha
  2649 | D:3      | Killed Natasha
  2650 | D:3      | Reached skill level 1 in Hexes
  2650 | D:3      | Reached skill level 1 in Summonings
  2650 | D:3      | Reached skill level 1 in Necromancy
  2650 | D:3      | Reached skill level 1 in Translocations
  2650 | D:3      | Reached skill level 1 in Transmutations
  2650 | D:3      | Reached skill level 1 in Fire Magic
  2650 | D:3      | Reached skill level 1 in Ice Magic
  2650 | D:3      | Reached skill level 1 in Air Magic
  2650 | D:3      | Reached skill level 1 in Earth Magic
  2650 | D:3      | Reached skill level 1 in Poison Magic
  2943 | D:3      | Reached XP level 5. HP: 37/37 MP: 9/12
  3750 | D:4      | Reached ** piety under the Shining One
  3874 | D:4      | Reached XP level 6. HP: 37/44 MP: 7/13
  3950 | D:4      | Reached skill level 5 in Dodging
  4067 | D:4      | Found an opulent altar of Gozag.
  4483 | D:5      | Entered Level 5 of the Dungeon
  5152 | D:5      | Reached XP level 7. HP: 50/50 MP: 9/15
  5676 | D:6      | Noticed Sigmund
  5676 | D:6      | Reached *** piety under the Shining One
  5765 | D:6      | Found a glowing silver altar of Zin.
  5801 | D:6      | Reached skill level 5 in Stealth
  6301 | D:6      | Reached XP level 8. HP: 40/57 MP: 7/16
  6977 | D:6      | Learned a level 3 spell: Dazzling Flash
  7406 | D:6      | Killed Sigmund
  7687 | D:7      | Found a staircase to the Ecumenical Temple.
  7696 | D:7      | Learned a level 4 spell: Iskenderun's Mystic Blast
  8013 | D:7      | Reached XP level 9. HP: 49/65 MP: 12/18
  8532 | D:7      | Got the Volume of Earthen Companions
  8537 | D:7      | Learned a level 3 spell: Stone Arrow
  9687 | D:1      | Bought a twisted hand axe for 144 gold pieces
  9687 | D:1      | Identified the +5 hand axe of the Vaults {venom, +Rage Fly
                  | rPois rF-} (You bought it in a shop on level 1 of the
                  | Dungeon)
  9815 | D:8      | Reached skill level 8 in Conjurations
  9917 | D:8      | Found a shimmering altar of Xom.
  9918 | D:8      | Found a hazy altar of Hepliaklqana.
  9919 | D:8      | Noticed a spectral ugly thing
  9950 | D:8      | Noticed a kobold demonologist
  9962 | D:8      | Noticed a rust devil
  9962 | D:8      | Killed a kobold demonologist
  9963 | D:8      | Reached skill level 5 in Invocations
 10218 | D:8      | Noticed Maurice
 10226 | D:8      | Killed Maurice
 10317 | D:8      | Noticed Psyche
 10323 | D:8      | Killed Psyche
 10324 | D:8      | Reached XP level 10. HP: 69/73 MP: 14/20
 10397 | D:8      | Identified the +7 chain mail of Valour {rF+}
 10418 | D:8      | Found a sparkling altar of Nemelex Xobeh.
 10609 | D:9      | Noticed a centaur warrior
 10609 | D:9      | Noticed a manticore
 10617 | D:9      | Killed a manticore
 10617 | D:9      | Noticed a brown ugly thing
 10618 | D:9      | Reached skill level 5 in Fighting
 10618 | D:9      | Reached skill level 5 in Short Blades
 10618 | D:9      | Reached skill level 5 in Long Blades
 10618 | D:9      | Reached skill level 5 in Axes
 10618 | D:9      | Reached skill level 5 in Maces & Flails
 10618 | D:9      | Reached skill level 5 in Polearms
 10618 | D:9      | Reached skill level 5 in Staves
 10618 | D:9      | Reached skill level 5 in Slings
 10618 | D:9      | Reached skill level 5 in Bows
 10618 | D:9      | Reached skill level 5 in Crossbows
 10618 | D:9      | Reached skill level 5 in Throwing
 10618 | D:9      | Reached skill level 5 in Armour
 10618 | D:9      | Reached skill level 5 in Shields
 10618 | D:9      | Reached skill level 5 in Unarmed Combat
 10618 | D:9      | Reached skill level 5 in Evocations
 10618 | D:9      | Noticed a skeletal warrior
 10623 | D:9      | HP: 1/74 [acid (7)]
 11519 | D:9      | Noticed a kobold demonologist
 11628 | D:9      | Noticed a soul eater
 11633 | D:9      | Killed a kobold demonologist
 11673 | D:9      | Found a staircase to the Orcish Mines.
 11867 | D:9      | Killed a brown ugly thing
 11879 | D:9      | Identified the +2 robe of Minor Irritation {rPois Str-3
                  | Slay+2 Stlth+}
 11921 | D:9      | Noticed a fire dragon
 11991 | D:9      | Reached **** piety under the Shining One
 12600 | D:9      | HP: 3/74 [centaur warrior/arrow (9)]
 12600 | D:9      | Shot with an arrow by a centaur warrior

Illustrated notes

Levels and vault maps discovered:
D:1:      lightli_arrival_statuegarden, layout_loops_corners, serial_shops,
          nicolae_shop_stone, hellmonk_ecumenical_altar_pennies_from_heaven
D:2:      layout_rooms
D:3:      layout_basic, corexii_shack, minmay_fractal_squares_5, uniq_natasha
D:4:      layout_cave_pools, mainiacjoe_overflow_brackets,
          small_statue_intersection
D:5:      layout_rooms
D:6:      layout_cave_pools, zin_academy, uniq_sigmund
D:7:      layout_loops_ring, minmay_temple_entry_waves
D:8:      layout_cave_pools, regret_index_temple_of_mockery,
          mainiacjoe_overflow_concentric_impassable, uniq_psyche, uniq_maurice
D:9:      minmay_the_grid_4x2 [minmay_the_grid_tree, minmay_the_grid_square_x,
          minmay_the_grid_minigrid_large, minmay_the_grid_holed_spiral,
          minmay_the_grid_minigrid_small_alt, minmay_the_grid_dragon_b,
          minmay_the_grid_eight, minmay_the_grid_prize_inner_circle],
          layout_irregular_city

Skill      XL: |  1  2  3  4  5  6  7  8  9 10 |
---------------+-------------------------------+-----
Spellcasting   | 5 6 7 |  7.5
Invocations    | 1 2 3 4 5 6 |  6.1
Fighting       | 1 2 3 4 5 |  5.5
Short Blades   | 1 2 3 4 5 |  5.5
Long Blades    | 1 2 3 4 5 |  5.5
Axes           | 1 2 3 4 5 |  5.5
Maces & Flails | 1 2 3 4 5 |  5.5
Polearms       | 1 2 3 4 5 |  5.5
Staves         | 1 2 3 4 5 |  5.5
Slings         | 1 2 3 4 5 |  5.5
Bows           | 1 2 3 4 5 |  5.5
Crossbows      | 1 2 3 4 5 |  5.5
Throwing       | 1 2 3 4 5 |  5.5
Armour         | 1 2 3 4 5 |  5.5
Shields        | 1 2 3 4 5 |  5.5
Unarmed Combat | 1 2 3 4 5 |  5.5
Evocations     | 1 2 3 4 5 |  5.5
Hexes          | 1 2 3 4 |  4.6
Summonings     | 1 2 3 4 |  4.6
Necromancy     | 1 2 3 4 |  4.6
Translocations | 1 2 3 4 |  4.6
Transmutations | 1 2 3 4 |  4.6
Fire Magic     | 1 2 3 4 |  4.6
Ice Magic      | 1 2 3 4 |  4.6
Air Magic      | 1 2 3 4 |  4.6
Earth Magic    | 1 2 3 4 |  4.6
Poison Magic   | 1 2 3 4 |  4.6
Dodging        | 5 6 7 |  7.3
Stealth        | 5 6 7 |  7.0
Conjurations   | 8 |  8.5

Action                   |  1- 3 |  4- 6 |  7- 9 | 10-12 || total
-------------------------+-------+-------+-------+-------++-------
Melee: Short sword       |       |    29 |    20 |       ||    49
       Bite              |       |       |     2 |     2 ||     4
       Hand axe          |       |       |     9 |     3 ||    12
 Cast: Magic Dart        |    62 |   121 |   172 |    22 ||   377
       Searing Ray       |       |    10 |    29 |    22 ||    61
       Stone Arrow       |       |       |       |     1 ||     1
Invok: Divine Shield     |       |       |     1 |     1 ||     2
Evoke: Wand              |       |       |       |     1 ||     1
  Use: Scroll            |       |     9 |     5 |     9 ||    23
       Potion            |       |       |       |     1 ||     1
Armor: Robe              |     1 |    15 |    20 |    15 ||    51
Dodge: Dodged            |    10 |    57 |    91 |    36 ||   194
Block: Other             |       |       |     8 |     2 ||    10
       Buckler           |       |       |       |    11 ||    11

Table legend: (Time is in decaauts)
 A = Elapsed time spent in this place.
 B = Non-inter-level travel time spent in this place.
 C = Inter-level travel time spent in this place.
 D = Time resting spent in this place.
 E = Time spent auto-exploring this place.
 F = Levels seen in this place.
 G = Mean time per level.
                   A        B        C        D        E       F      G
               +--------+--------+--------+--------+--------+-----+--------+
         Total |  12608 |  12229 |    379 |   6188 |   4356 |   9 | 1400.9 |
       Dungeon |  12608 |  12229 |    379 |   6188 |   4356 |   9 | 1400.9 |
               +--------+--------+--------+--------+--------+-----+--------+

Top non-repeatable levels by time:
     D:7: 2120 daAuts
     D:9: 2006 daAuts
     D:1: 1854 daAuts
     D:5: 1526 daAuts
     D:6: 1346 daAuts
     D:3: 1193 daAuts
     D:4: 970 daAuts
     D:8: 818 daAuts
     D:2: 772 daAuts
